General information
- name: BNet
- type: Ladder team game (AT/RT)
- host: Battle.net
- saver: graeder
map: Battleground
- players: 8
- length: 20:23
- speed: Fast
- version: 1.26 W3XP
- replay type: Public
» download(169 KB)
Players
team 1 (loser)
Urbano (
purple | 25 APM | 489 actions | 19:53)
5 Death Knight
3 Death Coil
1 Unholy Aura
1 Death Pact
» actions
| Build / train | 48 | |
| Enter build submenu | 14 | |
| Enter hero's abilities submenu | 5 | |
| Right click | 206 | |
| Select / deselect | 187 | |
| Use ability | 29 | |
489 total
» units
| Acolyte | 5 | |
| Ghoul | 3 | |
| Crypt Fiend | 13 | |
| Obsidian Statue | 1 | |
| Abomination | 9 | |
31 total
» upgrades
| Web | 1 | |
| Creature Attack | 2 | |
| Creature Carapace | 2 | |
| Disease Cloud | 1 | |
6 total
» buildings
| Altar of Darkness | 1 | |
| Ziggurat | 7 | |
| Crypt | 1 | |
| Graveyard | 1 | |
| Tomb of Relics | 1 | |
| Halls of the Dead | 1 | |
| Temple of the Damned | 1 | |
| Slaughterhouse | 1 | |
| Black Citadel | 1 | |
| Nerubian Tower | 2 | |
17 total
» build order
00:07 Altar of Darkness
00:15 Ziggurat
00:31 Crypt
01:08 Graveyard
01:30 Ziggurat
03:00 Tomb of Relics
03:37 Halls of the Dead
04:14 Ziggurat
05:44 Ziggurat
06:09 Temple of the Damned
06:28 Slaughterhouse
07:07 Black Citadel
07:48 Ziggurat
11:19 Ziggurat
12:20 Ziggurat
19:38 Nerubian Tower
19:41 Nerubian Tower
» items
datev (
blue | 37 APM | 764 actions | 20:22)
5 Paladin
3 Holy Light
2 Divine Shield
» actions
| Assign group hotkey | 3 | |
| Build / train | 60 | |
| Enter build submenu | 17 | |
| Enter hero's abilities submenu | 5 | |
| Give item / drop item | 3 | |
| Remove unit from queue | 2 | |
| Right click | 241 | |
| Select / deselect | 182 | |
| Select group hotkey | 198 | |
| Use ability | 53 | |
764 total
» units
| Peasant | 17 | |
| Footman | 8 | |
| Rifleman | 4 | |
| Knight | 5 | |
34 total
» upgrades
| Defend | 1 | |
| Long Rifles | 1 | |
| Lumber Harvesting | 1 | |
| Gunpowder | 1 | |
| Plating | 2 | |
| Masonry | 1 | |
| Animal War Training | 1 | |
8 total
» buildings
| Altar of Kings | 1 | |
| Barracks | 2 | |
| Farm | 10 | |
| Arcane Vault | 2 | |
| Blacksmith | 1 | |
| Keep | 1 | |
| Lumber Mill | 1 | |
| Castle | 1 | |
19 total
» build order
00:10 Altar of Kings
00:13 Barracks
00:16 Farm
00:57 Farm
01:42 Farm
02:32 Farm
02:47 Arcane Vault
03:05 Blacksmith
03:28 Keep
04:05 Lumber Mill
04:12 Farm
04:39 Barracks
05:24 Farm
06:35 Farm
07:13 Farm
07:51 Castle
09:32 Farm
09:39 Arcane Vault
19:52 Farm
» items
| Scroll of Regeneration | 2 | |
| Lesser Clarity Potion | 1 | |
| Mechanical Critter | 1 | |
| Scroll of Town Portal | 2 | |
| Potion of Healing | 1 | |
| Potion of Mana | 1 | |
8 total

»
fckyourdaughter (
green | 68 APM | 1374 actions | 20:16)
3 Blademaster
2 Wind Walk
1 Critical Strike
» actions
| Assign group hotkey | 59 | |
| Build / train | 51 | |
| Enter build submenu | 25 | |
| Enter hero's abilities submenu | 3 | |
| Remove unit from queue | 4 | |
| Right click | 680 | |
| Select / deselect | 222 | |
| Select group hotkey | 252 | |
| Use ability | 78 | |
1374 total
» units
| Peon | 13 | |
| Troll Batrider | 10 | |
| Kodo Beast | -1 | |
| Wind Rider | 5 | |
27 total
» upgrades
| Ranged Weapons | 1 | |
| Liquid Fire | 1 | |
| Envenomed Spears | 2 | |
| Spiked Barricades | 1 | |
5 total
» buildings
| Altar of Storms | 1 | |
| Orc Burrow | 7 | |
| War Mill | 2 | |
| Stronghold | 1 | |
| Voodoo Lounge | 1 | |
| Watch Tower | 4 | |
| Beastiary | 3 | |
| Fortress | 1 | |
20 total
» build order
00:07 Altar of Storms
00:09 Orc Burrow
01:19 War Mill
01:22 Orc Burrow
02:16 Stronghold
03:22 Voodoo Lounge
03:27 Orc Burrow
03:30 Watch Tower
03:37 Watch Tower
05:10 Beastiary
05:15 Beastiary
06:58 Orc Burrow
08:06 Fortress
08:36 Orc Burrow
08:39 Watch Tower
10:28 Orc Burrow
10:30 Watch Tower
12:28 Orc Burrow
14:32 Beastiary
17:16 War Mill
» items
| Scroll of Town Portal | 1 | |
| Healing Salve | 2 | |
| Lesser Clarity Potion | 3 | |
| Potion of Healing | 2 | |
| Orb of Lightning | 1 | |
9 total
elayric (
orange | 25 APM | 496 actions | 20:09)
4 Mountain King
2 Storm Bolt
2 Bash
» actions
| Basic commands | 5 | |
| Build / train | 43 | |
| Enter build submenu | 18 | |
| Enter hero's abilities submenu | 4 | |
| Give item / drop item | 1 | |
| Remove unit from queue | 2 | |
| Right click | 226 | |
| Select / deselect | 167 | |
| Use ability | 30 | |
496 total
» units
| Peasant | 6 | |
| Rifleman | 6 | |
| Footman | 2 | |
| Knight | 4 | |
18 total
» upgrades
| Gunpowder | 2 | |
| Armor | 1 | |
| Long Rifles | 1 | |
| Lumber Harvesting | 2 | |
| Animal War Training | 1 | |
| Swords | 2 | |
| Plating | 2 | |
11 total
» buildings
| Barracks | 2 | |
| Blacksmith | 1 | |
| Farm | 8 | |
| Scout Tower | 1 | |
| Arcane Tower | 1 | |
| Altar of Kings | 1 | |
| Keep | 1 | |
| Lumber Mill | 1 | |
| Castle | 1 | |
| Town Hall | 1 | |
| Gryphon Aviary | 1 | |
19 total
» build order
00:14 Barracks
01:22 Blacksmith
01:54 Farm
02:38 Farm
03:04 Scout Tower
03:24 Farm
03:34 Arcane Tower
04:06 Altar of Kings
04:41 Keep
05:13 Farm
06:23 Lumber Mill
08:19 Castle
08:42 Barracks
10:19 Farm
11:06 Farm
14:29 Farm
14:34 Farm
15:09 Town Hall
19:02 Gryphon Aviary
» items
| Periapt of Vitality | 1 | |
| Circlet of Nobility | 1 | |
| Boots of Speed | 1 | |
| Scroll of Healing | 1 | |
4 total
team 2 (winner)
skeetskeetskeet (
pink | 32 APM | 646 actions | 20:23)
4 Tauren Chieftain
2 War Stomp
2 Endurance Aura
3 Shadow Hunter
2 Healing Wave
1 Hex
» actions
| Assign group hotkey | 16 | |
| Build / train | 54 | |
| Enter build submenu | 17 | |
| Enter hero's abilities submenu | 7 | |
| Give item / drop item | 1 | |
| Right click | 285 | |
| Select / deselect | 180 | |
| Select group hotkey | 20 | |
| Use ability | 65 | |
646 total
» units
| Peon | 11 | |
| Grunt | 6 | |
| Troll Headhunter/Berserker | 1 | |
| Forest Troll Shadow Priest | 1 | |
| Spirit Walker | 2 | |
| Troll Witch Doctor | 4 | |
| Tauren | 3 | |
| Demolisher | 2 | |
30 total
» upgrades
| Armor | 2 | |
| Melee Weapons | 2 | |
| Witch Doctor Training | 2 | |
| Pillage | 1 | |
7 total
» buildings
| Orc Burrow | 6 | |
| Altar of Storms | 1 | |
| Barracks | 1 | |
| Voodoo Lounge | 1 | |
| War Mill | 1 | |
| Stronghold | 1 | |
| Spirit Lodge | 2 | |
| Fortress | 1 | |
| Great Hall | 1 | |
| Tauren Totem | 2 | |
| Watch Tower | 1 | |
18 total
» build order
00:05 Orc Burrow
00:55 Altar of Storms
01:01 Barracks
01:25 Orc Burrow
02:02 Voodoo Lounge
02:35 War Mill
04:12 Orc Burrow
05:11 Stronghold
05:33 Orc Burrow
07:39 Spirit Lodge
08:14 Fortress
09:19 Spirit Lodge
09:26 Orc Burrow
09:41 Great Hall
12:02 Tauren Totem
12:07 Tauren Totem
14:19 Orc Burrow
14:53 Watch Tower
» items
| Healing Salve | 2 | |
| Lesser Clarity Potion | 1 | |
| Scroll of Speed | 1 | |
| Orb of Lightning | 2 | |
6 total
graeder (
yellow | 121 APM | 2467 actions | 20:23)
6 Blood Mage
3 Flame Strike
2 Siphon Mana
1 Summon Phoenix
» actions
| Assign group hotkey | 37 | |
| Basic commands | 81 | |
| Build / train | 131 | |
| Enter build submenu | 43 | |
| Enter hero's abilities submenu | 6 | |
| Give item / drop item | 1 | |
| Right click | 1347 | |
| Select / deselect | 347 | |
| Select group hotkey | 364 | |
| Use ability | 110 | |
2467 total
» units
| Peasant | 15 | |
| Footman | 19 | |
| Dragonhawk Rider | 8 | |
| Gryphon Rider | 4 | |
| Sorceress | 1 | |
47 total
» upgrades
| Masonry | 3 | |
| Defend | 1 | |
| Lumber Harvesting | 2 | |
| Swords | 3 | |
| Armor | 2 | |
| Animal War Training | 1 | |
| Cloud | 1 | |
| Storm Hammers | 1 | |
| Sorceress Training | 1 | |
15 total
» buildings
| Altar of Kings | 1 | |
| Barracks | 1 | |
| Farm | 9 | |
| Lumber Mill | 1 | |
| Scout Tower | 16 | |
| Arcane Vault | 1 | |
| Arcane Tower | 4 | |
| Keep | 2 | |
| Guard Tower | 24 | |
| Town Hall | 1 | |
| Gryphon Aviary | 4 | |
| Blacksmith | 1 | |
| Castle | 2 | |
| Arcane Sanctum | 1 | |
68 total
» build order
00:19 Altar of Kings
00:21 Barracks
00:23 Farm
00:55 Farm
01:39 Lumber Mill
01:59 Farm
03:14 Scout Tower
03:23 Arcane Vault
03:41 Arcane Tower
03:41 Arcane Tower
04:05 Farm
04:11 Keep
04:11 Keep
06:07 Scout Tower
06:10 Scout Tower
06:40 Arcane Tower
06:40 Arcane Tower
06:41 Guard Tower
06:41 Guard Tower
08:09 Scout Tower
08:09 Scout Tower
08:10 Scout Tower
08:16 Town Hall
08:18 Scout Tower
08:28 Scout Tower
08:32 Scout Tower
08:38 Guard Tower
08:38 Guard Tower
08:46 Guard Tower
09:03 Guard Tower
09:03 Guard Tower
09:04 Guard Tower
09:04 Guard Tower
09:04 Guard Tower
09:16 Scout Tower
09:24 Scout Tower
09:50 Guard Tower
09:52 Guard Tower
09:52 Guard Tower
09:59 Gryphon Aviary
10:15 Scout Tower
10:18 Scout Tower
10:21 Scout Tower
10:35 Farm
10:40 Guard Tower
10:41 Guard Tower
11:09 Guard Tower
11:29 Guard Tower
12:12 Gryphon Aviary
12:24 Scout Tower
12:27 Scout Tower
12:47 Blacksmith
13:45 Castle
13:45 Castle
14:12 Farm
16:14 Guard Tower
16:14 Guard Tower
17:54 Farm
17:56 Gryphon Aviary
18:17 Gryphon Aviary
18:40 Farm
18:42 Farm
18:57 Arcane Sanctum
» items
| Scroll of Regeneration | 6 | |
| Lesser Clarity Potion | 8 | |
| Dust of Appearance | 1 | |
| Boots of Speed | 1 | |
| Staff of Teleportation | 1 | |
| Scroll of Town Portal | 3 | |
| Potion of Invisibility | 2 | |
| Periapt of Vitality | 1 | |
| Potion of Healing | 2 | |
| Orb of Fire | 1 | |
26 total

»
noobkiller_ (
teal | 32 APM | 644 actions | 20:23)
3 Archmage
2 Summon Water Elemental
1 Brilliance Aura
» actions
| Build / train | 68 | |
| Enter build submenu | 51 | |
| Enter hero's abilities submenu | 4 | |
| Remove unit from queue | 6 | |
| Right click | 210 | |
| Select / deselect | 250 | |
| Use ability | 55 | |
644 total
» units
| Peasant | 12 | |
| Footman | 15 | |
| Rifleman | 6 | |
| Gryphon Rider | 2 | |
35 total
» upgrades
| Masonry | 2 | |
| Lumber Harvesting | 1 | |
| Swords | 2 | |
| Armor | 1 | |
| Storm Hammers | 1 | |
7 total
» buildings
| Altar of Kings | 1 | |
| Barracks | 1 | |
| Farm | 18 | |
| Lumber Mill | 2 | |
| Scout Tower | 21 | |
| Guard Tower | 10 | |
| Keep | 1 | |
| Arcane Tower | 3 | |
| Gryphon Aviary | 3 | |
| Blacksmith | 1 | |
| Castle | 1 | |
62 total
» build order
00:07 Altar of Kings
00:11 Barracks
00:14 Farm
00:18 Farm
00:54 Farm
01:33 Lumber Mill
02:06 Farm
02:10 Farm
02:16 Scout Tower
02:43 Farm
02:48 Scout Tower
02:52 Scout Tower
03:06 Guard Tower
03:17 Farm
03:22 Scout Tower
03:25 Guard Tower
03:31 Farm
03:52 Scout Tower
03:54 Guard Tower
04:00 Scout Tower
04:07 Scout Tower
04:22 Scout Tower
04:24 Guard Tower
04:29 Scout Tower
04:37 Scout Tower
04:49 Guard Tower
04:58 Farm
05:04 Farm
05:17 Scout Tower
05:25 Guard Tower
05:41 Scout Tower
05:45 Farm
05:53 Farm
06:09 Guard Tower
06:20 Farm
06:38 Scout Tower
06:42 Farm
07:25 Farm
07:29 Farm
07:36 Scout Tower
07:38 Guard Tower
09:08 Guard Tower
09:12 Farm
09:16 Farm
09:18 Scout Tower
09:22 Keep
09:47 Scout Tower
09:51 Scout Tower
10:10 Guard Tower
10:27 Scout Tower
10:34 Scout Tower
10:57 Scout Tower
11:00 Arcane Tower
11:08 Scout Tower
12:01 Arcane Tower
13:37 Arcane Tower
13:41 Gryphon Aviary
14:18 Blacksmith
14:22 Lumber Mill
15:27 Castle
16:11 Gryphon Aviary
17:34 Gryphon Aviary
» items
a4.PsychoMantis (
red | 241 APM | 4905 actions | 20:23)
5 Death Knight
3 Death Coil
2 Unholy Aura
4 Lich
2 Frost Nova
2 Frost Armor
» actions
| Assign group hotkey | 113 | |
| Basic commands | 80 | |
| Build / train | 76 | |
| Enter build submenu | 16 | |
| Enter hero's abilities submenu | 10 | |
| Give item / drop item | 2 | |
| Right click | 1781 | |
| Select / deselect | 796 | |
| Select group hotkey | 1812 | |
| Use ability | 219 | |
4905 total
» units
| Acolyte | 2 | |
| Ghoul | 5 | |
| Crypt Fiend | 10 | |
| Banshee | 6 | |
| Obsidian Statue | 2 | |
25 total
» upgrades
| Creature Attack | 2 | |
| Web | 1 | |
| Burrow | 1 | |
| Banshee Training | 2 | |
| Creature Carapace | 1 | |
| Destroyer Form | 1 | |
8 total
» buildings
| Crypt | 1 | |
| Graveyard | 1 | |
| Altar of Darkness | 2 | |
| Ziggurat | 5 | |
| Tomb of Relics | 1 | |
| Nerubian Tower | 2 | |
| Halls of the Dead | 1 | |
| Temple of the Damned | 1 | |
| Slaughterhouse | 1 | |
| Black Citadel | 1 | |
| Sacrificial Pit | 1 | |
| Spirit Tower | 2 | |
| Boneyard | 1 | |
20 total
» build order
00:07 Crypt
00:13 Graveyard
00:44 Altar of Darkness
00:49 Altar of Darkness
01:00 Ziggurat
01:26 Tomb of Relics
02:04 Ziggurat
02:35 Nerubian Tower
03:57 Halls of the Dead
05:33 Ziggurat
05:54 Nerubian Tower
06:40 Temple of the Damned
07:30 Slaughterhouse
09:09 Ziggurat
10:38 Black Citadel
11:09 Sacrificial Pit
12:31 Ziggurat
12:34 Spirit Tower
15:22 Spirit Tower
19:34 Boneyard
» items
| Rod of Necromancy | 5 | |
| Dust of Appearance | 3 | |
| Potion of Lesser Invulnerability | 1 | |
| Scroll of Healing | 1 | |
| Boots of Speed | 1 | |
| Periapt of Vitality | 1 | |
| Scroll of Protection | 1 | |
| Orb of Corruption | 1 | |
| Scroll of Town Portal | 4 | |
18 total
Chat log
(00:15 / Allies) skeetskeetskeet: sup dudes
(00:18 / Allies) skeetskeetskeet: I got melee casters
(00:28 / Allies) graeder: I'll get aa
(05:44 / All) graeder: lol
(06:08 / Allies) a4.PsychoMantis: sec
(07:03 / Allies) skeetskeetskeet: web
(08:03 / All) graeder: lol
(12:01 / Allies) graeder: sick building placement btw
(13:53 / Allies) skeetskeetskeet: b
(19:02 / Allies) graeder: expo
(19:03 / Allies) graeder: bot left
(19:04 / Allies) graeder: saw peon
(19:28 / Allies) skeetskeetskeet: b
(19:47 / All) graeder: are you all having fun? I am
(20:00 / All) graeder: haha
(20:11 / All) a4.PsychoMantis: gg
(20:13 / All) fckyourdaughter: WTF
(20:14 / All) graeder: gg